 Dungeon Crawl Stone Soup version 0.27-a0-1312-g5cdb2b3542 (webtiles) character file.

Game seed: 8539493420455725439

71 bilbop the Caller (level 4, -1/25 HPs)
             Began as a Kobold Summoner on June 19, 2021.
             Killed by nerve-wracking pain
             ... invoked by Grinder
              (11 damage)
             ... on level 3 of the Dungeon.
             The game lasted 00:12:26 (3244 turns).

bilbop the Caller (Kobold Summoner)                 Turns: 3244, Time: 00:12:27

Health: -1/25      AC:  4    Str:  5    XL:     4   Next: 47%
Magic:  2/8        EV: 14    Int: 16    God:
Gold:   110        SH:  0    Dex: 16    Spells: 7/8 levels left

rFire    . . .     SeeInvis .   a - +1 dagger (vamp)
rCold    . . .     Faith    .   (shield restricted)
rNeg     . . .     Spirit   .   m - +0 leather armour
rPois    .         Reflect  .   (no helmet)
rElec    .         Harm     .   (no cloak)
rCorr    .         Rampage  .   (no gloves)
Will     .....                  i - +0 pair of boots
Stlth    +++.......             (no amulet)
HPRegen  0.08/turn              (no ring)
MPRegen  0.11/turn              (no ring)

@: no status effects
A: small, no large weapons, nightstalker 3
a: no special abilities


You were on level 3 of the Dungeon.
You visited 1 branch of the dungeon, and saw 3 of its levels.

You collected 110 gold pieces.

Inventory:

Hand Weapons
 a - a +1 vampiric dagger (weapon)
 l - a +0 dagger
Missiles
 c - 15 bolts
Armour
 i - a +0 pair of boots (worn)
 j - a +0 robe
 m - a +0 leather armour (worn)
Scrolls
 d - 5 scrolls of teleportation {unknown}
 e - a scroll of noise {unknown}
 f - 2 scrolls of identify {unknown}
 k - a scroll of immolation {unknown}
 n - a scroll of amnesia {unknown}
Potions
 b - 2 potions of might {unknown}
 g - 2 potions of heal wounds {unknown}
 h - 2 potions of curing
 o - 2 potions of brilliance {unknown}
 p - 2 potions of ambrosia {unknown}


   Skills:
 + Level 1.5 Fighting
 + Level 1.2 Short Blades
 + Level 3.1 Dodging
 + Level 3.5 Stealth
 + Level 2.8 Spellcasting
 + Level 4.2 Summonings


You had 7 spell levels left.
You knew the following spells:

 Your Spells              Type           Power      Damage    Failure   Level
a - Summon Small Mammal   Summ           60%        N/A       5%          1

Your spell library contained the following spells:

 Spells                   Type           Power      Damage    Failure   Level
 Call Imp                 Summ           15%        N/A       9%          2
 Call Canine Familiar     Summ           15%        N/A       17%         3
 Summon Guardian Golem    Hex/Summ       9%         N/A       36%         3
 Summon Ice Beast         Ice/Summ       9%         N/A       78%         4
 Summon Lightning Spire   Summ/Air       9%         N/A       78%         4


Dungeon Overview and Level Annotations

Branches:
Dungeon (3/15)

Altars:

Annotations:
D:3 Grinder


Innate Abilities, Weirdness & Mutations

You are small and have problems with some larger weapons.
You are completely attuned to the shadows.


Message History

Press: ? - help, Dir - move target, f - Grinder
Aim: Grinder (lightly wounded, ally target) Attack!
Your bat hits Grinder but does no damage. x2
Your bat closely misses Grinder.
Your bat barely misses Grinder.
Your rat barely misses Grinder.
Grinder hits your rat!
Your rat dies!
Your rat's corpse disappears in a puff of smoke!
Casting: Summon Small Mammal (safe; 5% risk of failure)
Confirm with . or Enter, or press ? or * to list all spells.
Your bat hits Grinder but does no damage.
Your bat misses Grinder. Grinder barely misses your bat.
Your bat hits Grinder.
Your rat closely misses Grinder.
What are your orders? t - Shout!
Orders for allies: a - Attack new target. p - Attack previous target. r - Retreat! s - Stop attacking. g - Guard the area. f - Follow me.
Anything else - Cancel.
Gang up on whom?
Press: ? - help, Dir - move target, f/p - Grinder
Aim: Grinder (moderately wounded, ally target) Attack!
Your bat barely misses Grinder.
Your bat closely misses Grinder.
Your quokka bites Grinder.
Your rat closely misses Grinder.
Your bat hits Grinder but does no damage. x2
Your bat barely misses Grinder.
Your bat misses Grinder.
Your quokka bites Grinder but does no damage.
Your rat barely misses Grinder.
Your bat hits Grinder but does no damage.
Your bat closely misses Grinder.
Your bat hits Grinder. Grinder hits your bat.
Your bat dies!
Your bat's corpse disappears in a puff of smoke!
Your rat barely misses Grinder.
Your bat barely misses Grinder.
Your quokka completely misses Grinder.
Casting: Summon Small Mammal (safe; 5% risk of failure)
Confirm with . or Enter, or press ? or * to list all spells.
Your bat hits Grinder but does no damage.
Grinder gestures at you. Pain shoots through your body!
You die...

............# #
......†.....######
..........#......>
............#######.
...####.####......##.
#.......#########....
#...bb.....# ###..
#..........# #..
#...@5r....########..
#.....r..............
####......######.....
#####....###......
#....#......#.
##...#.#....#÷ ########
###..#.#...#..
#......####.............
#...........##......####


You could see Grinder (ally target), a friendly quokka (summoned), 2 friendly
bats and a friendly rat (summoned).

Vanquished Creatures
  2 adders
  An ufetubus (D:3)
  A ball python (D:2)
  2 bats
  2 goblins
  5 jackals
  2 kobolds (D:3)
  A quokka (D:3)
  A rat (D:3)
17 creatures vanquished.

Vanquished Creatures (collateral kills)
  An adder (D:2)
  A worm (D:3)
  A dart slug (D:3)
  3 ball pythons
  An endoplasm (D:2)
  4 goblins
  3 hobgoblins
  3 jackals
  3 quokkas
  2 bats
  5 frilled lizards
  3 kobolds
  3 rats (D:1)
33 creatures vanquished.

Grand Total: 50 creatures vanquished

Notes
Turn   | Place    | Note
-------+----------+-------------------------------------------
     0 | D:1      | bilbop the Kobold Summoner began the quest for the Orb.
     0 | D:1      | Reached XP level 1. HP: 10/10 MP: 3/3
   533 | D:1      | Reached XP level 2. HP: 16/16 MP: 3/5
  1678 | D:2      | Reached XP level 3. HP: 19/20 MP: 4/6
  1806 | D:2      | Found a faded altar of an unknown god.
  1940 | D:2      | Reached skill level 1 in Fighting
  2670 | D:3      | Reached skill level 1 in Short Blades
  2670 | D:3      | Reached XP level 4. HP: 25/25 MP: 3/7
  3218 | D:3      | Noticed Grinder
  3244 | D:3      | Killed from afar by Grinder

Illustrated notes

Levels and vault maps discovered:
D:1:      nicolae_arrival_somewhat_less_tricky_arrival, layout_loops_corners,
          serial_aquarium, aquarium_bridge_square [aquarium_subvault_window,
          aquarium_subvault_wall, aquarium_subvault_wall,
          aquarium_subvault_bridge], aquarium_bridge_long_separate
          [aquarium_subvault_bridge, aquarium_subvault_bridge,
          aquarium_subvault_bridge, aquarium_subvault_bridge,
          aquarium_subvault_bridge, aquarium_subvault_bridge],
          aquarium_window_1, aquarium_window_fake, aquarium_view_2a,
          st_stairs_7, grunt_decor_junction
D:2:      layout_basic, shapermc_ecumenical_altar_starsandcircs
D:3:      layout_rooms, uniq_crazy_yiuf_cottage, uniq_grinder

Skill      XL: |  1  2  3 |
---------------+----------+-----
Stealth        | 3 |  3.5
Fighting       | 1 |  1.5
Dodging        | 3 |  3.1
Short Blades   | 1 |  1.2
Spellcasting   | |  2.8
Summonings     | |  4.2

Action                   |  1- 3 |  4- 6 || total
-------------------------+-------+-------++-------
Melee: Unarmed           |    11 |       ||    11
       Dagger            |    50 |    34 ||    84
 Cast: Summon Small Mamm |    56 |    20 ||    76
 Stab: Sleeping          |     7 |     2 ||     9
Armor: Robe              |    13 |       ||    13
       Leather armour    |     6 |    15 ||    21
Dodge: Dodged            |    56 |    35 ||    91

Table legend: (Time is in decaauts)
 A = Elapsed time spent in this place.
 B = Non-inter-level travel time spent in this place.
 C = Inter-level travel time spent in this place.
 D = Time resting spent in this place.
 E = Time spent auto-exploring this place.
 F = Levels seen in this place.
 G = Mean time per level.
                   A        B        C        D        E       F      G
               +--------+--------+--------+--------+--------+-----+--------+
         Total |   3239 |   3180 |     59 |      0 |   2720 |   3 | 1079.7 |
       Dungeon |   3239 |   3180 |     59 |      0 |   2720 |   3 | 1079.7 |
               +--------+--------+--------+--------+--------+-----+--------+

Top non-repeatable levels by time:
     D:1: 1470 daAuts
     D:2: 980 daAuts
     D:3: 788 daAuts
